 Dungeon Crawl Stone Soup version 0.14.2 (webtiles) character file.

297 ImN0tHuman the Skirmisher (level 5, 0/50 HPs)
             Began as a Minotaur Berserker on June 26, 2016.
             Was a Believer of Trog.
             Slain by an orc warrior
             ... wielding a +0,+0 scimitar
              (12 damage)
             ... on Level 4 of the Dungeon.
             The game lasted 00:25:19 (3048 turns).

ImN0tHuman the Skirmisher (Minotaur Berserker)      Turns: 3048, Time: 00:25:19

HP   0/50        AC  8     Str 21      XL: 5   Next: 26%
MP   2/2         EV  7     Int  5      God: Trog [**....]
Gold 127         SH  0     Dex 10      Spells:  0 memorised,  4 levels left

rFire  . . .     SeeInvis .     a - +0 hand axe
rCold  . . .     Clarity  .     m - +0 chain mail
rNeg   . . .     Conserve .     (no shield)
rPois  .         rCorr    .     (helmet restricted)
rElec  .         rRot     .     (no cloak)
SustAb . .       Spirit   .     (no gloves)
rMut   .         Warding  .     (no boots)
Saprov . . .     Stasis   .     (no amulet)
MR     ++...                    (no ring)
                                (no ring)

@: regenerating, drained, very resistant to hostile enchantments, extremely
unstealthy
A: retaliatory headbutt, horns 2
a: Burn Spellbooks, Berserk, Trog's Hand, Renounce Religion


You were on level 4 of the Dungeon.
You worshipped Trog.
Trog was pleased with you.
You were very hungry.

You visited 1 branch of the dungeon, and saw 4 of its levels.

You collected 127 gold pieces.

Inventory:

Hand weapons
 a - a +0,+0 hand axe (weapon)
 e - a cursed +0,-2 dagger
Missiles
 i - 8 poisoned needles
Armour
 b - a +0 animal skin
 j - a +0 scale mail
 m - a +0 chain mail (worn)
Comestibles
 c - 2 bread rations
 d - 2 meat rations
 z - a cheese
Scrolls
 g - 2 scrolls of fog {unknown}
 l - a scroll of immolation {unknown}
 o - a scroll of enchant weapon I {unknown}
 p - a scroll of magic mapping {unknown}
 q - 5 scrolls of identify {unknown}
 s - 2 scrolls of blinking {unknown}
 t - 4 scrolls of teleportation {unknown}
 u - a scroll of amnesia {unknown}
 x - a scroll of fear {unknown}
 A - a scroll of random uselessness {unknown}
 B - a scroll of remove curse {unknown}
Jewellery
 w - an uncursed ring of protection from cold {unknown}
 y - an uncursed ring of protection from cold {unknown}
Potions
 h - 2 potions of beneficial mutation {unknown}
 k - 2 potions of heal wounds {unknown}
 n - 2 potions of mutation {unknown}
 r - a potion of magic {unknown}
 v - a potion of brilliance {unknown}


   Skills:
 + Level 5.7(5.2) Fighting
 + Level 5.7(5.2) Axes
 - Level 2.4(2.0) Armour
 - Level 2.1(1.7) Dodging


You had 4 spell levels left.
You didn't know any spells.

Dungeon Overview and Level Annotations

Branches:
Dungeon (4/15)
 Temple: D:4-7

Altars:


Innate Abilities, Weirdness & Mutations

You reflexively headbutt those who attack you in melee.
You have a pair of horns on your head.


Message History

You feel better.
It was a potion of curing.
The orc warrior barely misses you. You furiously retaliate!
You headbutt the orc warrior, but do no damage.
The orc hits you.
* * * LOW HITPOINT WARNING * * *
Drink which item? (? for menu, Esc to quit)
You feel better.
The orc warrior hits you with a scimitar.
* * * LOW HITPOINT WARNING * * *
The orc barely misses you. You furiously retaliate!
You headbutt the orc!
You kill the orc!
Trog accepts your kill.
Use which ability? (? or * to list) You're too hungry to go berserk.
Use which ability? (? or * to list)
Your skin crawls.
You feel resistant to hostile enchantments.
You feel slightly more hungry.
The orc warrior hits you with a scimitar!
You die...

....... #.##.#.# .....
#.##.#.# ... #.##.#.#
#'# #.##.#.# #.#
#.##.#.# #.# #.##.#.#
##.## #.##.#.# ##.)o##
#<>....# #..[@.#
####.### ##...## #.#
#.#.#.##########.#
#.#####.#..............#
#.........#.############
########...## ##.## #.#
#.#


You could see an orc warrior.

Vanquished Creatures
  An orc priest (D:4)
  5 adders
  4 gnolls (D:2)
  A worm (D:2)
  A giant gecko (D:1)
  An ooze (D:3)
  5 orcs
  3 ball pythons
  5 goblins
  8 hobgoblins
  3 bats
  2 giant cockroaches (D:1)
  2 giant newts
  8 kobolds
  3 rats
52 creatures vanquished.

Notes
Turn   | Place    | Note
--------------------------------------------------------------
     0 | D:1      | ImN0tHuman, the Minotaur Berserker, began the quest for the Orb.
     0 | D:1      | Reached XP level 1. HP: 19/19 MP: 1/1
   455 | D:1      | Reached skill level 4 in Axes
   522 | D:1      | Reached XP level 2. HP: 21/27 MP: 1/1
   957 | D:1      | Acquired Trog's second power
  1383 | D:2      | Reached XP level 3. HP: 23/34 MP: 2/2
  1414 | D:2      | Reached XP level 4. HP: 14/41 MP: 2/2
  1717 | D:2      | Reached skill level 5 in Axes
  1875 | D:2      | Reached skill level 5 in Fighting
  2723 | D:3      | Reached XP level 5. HP: 48/48 MP: 2/2
  3026 | D:4      | Noticed an orc warrior
  3045 | D:4      | HP: 1/50 [orc warrior/scimitar (17)]
  3048 | D:4      | Slain by an orc warrior

Action                   |  1- 3 |  4- 6 || total
-------------------------+-------+-------++-------
Melee: Hand axe          |    55 |    89 ||   144
Invok: Trog's Hand       |     1 |     1 ||     2
       Berserk           |     1 |       ||     1
  Use: Potion            |       |     2 ||     2
